 Dungeon Crawl Stone Soup version 0.30-a0-241-g1121274140 (webtiles) character file.

Game seed: 7253466300342551008

654 qw the Chopper (level 7, 0/43 HPs)
             Began as a Gargoyle Fighter on Oct 10, 2022.
             Frozen to death by an endoplasm (5 damage)
             ... on level 4 of the Dungeon.
             The game lasted 00:01:25 (3905 turns).

qw the Chopper (Gargoyle Fighter)                   Turns: 3905, Time: 00:01:25

Health: 0/43       AC: 11    Str: 20 (22) XL:     7   Next: 54%
Magic:  7/7        EV: 10    Int:  9 (10) God:
Gold:   254        SH:  9    Dex: 13 (15) Spells: 6/6 levels left

rFire   . . .      SeeInvis .    Y - +0 war axe
rCold   . . .      Faith    .    c - +0 buckler
rNeg    + . .      Spirit   .    b - +0 scale mail
rPois   inf        Reflect  +    (no helmet)
rElec   +          Harm     .    (no cloak)
rCorr   .          Rampage  .    (no gloves)
Will    +....                    (no boots)
Stlth   ..........               l - amulet of Ycup {Reflect rPois Int+2 SH+5}
HPRegen 0.27/turn                e - +6 ring of dexterity
MPRegen 0.10/turn                m - ring of willpower

@: no status effects
A: sickness immunity, AC +4, negative energy resistance 1, electricity
resistance, torment resistance 1, petrification resistance
a: no special abilities


You were on level 4 of the Dungeon.
You visited 1 branch of the dungeon, and saw 4 of its levels.
You also visited: Sewer.

You collected 254 gold pieces.


Innate Abilities, Weirdness & Mutations

You are immune to sickness and miasma.
Your stone body is resilient. (AC +4)
You are immune to poison.
You resist negative energy. (rN+)
You are resistant to electric shocks. (rElec)
You are resistant to unholy torment.
You are immune to petrification.


   Skills:
 - Level 4.1 Fighting
 + Level 5.7 Axes
 - Level 3.2 Armour
 - Level 3.6 Dodging
 - Level 3.2 Shields


You had 6 spell levels left.
You didn't know any spells.
Your spell library was empty.

Inventory:

Hand Weapons
 p - a +0 flail
 Y - a +0 war axe (weapon)
Missiles
 h - 4 boomerangs (quivered)
Armour
 b - a +0 scale mail (worn)
 c - a +0 buckler (worn)
Jewellery
 e - a +6 ring of dexterity (left hand)
 l - the amulet of Ycup (around neck) {Reflect rPois Int+2 SH+5}
   (You found it on level 2 of the Dungeon)

   [amulet of reflection]

   It reflects blocked missile attacks.
   Int:       It affects your intelligence (+2).
   rPois:     It protects you from poison.
   SH:        It affects your SH (+5).
 m - a ring of willpower (right hand)
Scrolls
 g - a scroll of identify
Potions
 d - 3 potions of might
 f - 7 potions of curing
 i - a potion of attraction

Dungeon Overview and Level Annotations

Branches:
Dungeon (4/15)              Sewer (visited)
 Temple: D:4-7

Altars:
Dithmenos

Annotations:
D:4 Edmund


Message History

Edmund is lightly wounded.
You block Edmund's attack.
You slash Edmund!
Edmund is moderately wounded.
You block Edmund's attack.
You hit Edmund but do no damage.
Edmund is moderately wounded.
Edmund hits you but does no damage.
Edmund hits you with a +6 flail of protection.
You hit Edmund but do no damage.
Edmund is moderately wounded.
Edmund hits you with a +6 flail of protection.
3898 ||| READING scroll of teleportation.
As you read the scroll of teleportation, it crumbles to dust.
You feel strangely unstable.
Edmund hits you with a +6 flail of protection.
You hit Edmund but do no damage.
Edmund is moderately wounded.
Edmund barely misses you.
You hit Edmund.
Edmund is moderately wounded.
Edmund says, "People think my brother is the best.
I think he's crazy."
Edmund barely misses you.
You completely miss Edmund.
Edmund is moderately wounded.
Your surroundings suddenly seem different. 2 endoplasms come into view.
Found a scroll labelled HUOHYI WUANG and a coppery potion.
The endoplasm quivers.
Enter note: Throw: 4 boomerangs
Press: ? - help, Q - select action Shift-Dir - straight line, f - endoplasm You throw a boomerang.
The boomerang hits the endoplasm.
The endoplasm is severely wounded.
You slash the endoplasm!
You kill the endoplasm!
You hit the endoplasm but do no damage. The endoplasm freezes you.
You are frozen.
You die...

# ..........
.. .........
...
...!.....
....
......?..
.....
........#
###..)####
........#
.....S@..###
........#
.$..####....
......J@# .
####%
........# ##
........# #
######### #
# #


You could see an endoplasm.

Vanquished Creatures
  Sigmund (D:2)
  An ogre (D:4)
  A bullfrog (Sewer)
  A necrophage (D:4)
  An orc priest (D:4)
  A hound (D:4)
  Jessica (D:2)
  An orc wizard (D:4)
  9 adders
  A worm (D:2)
  2 dart slugs
  3 orcs (D:4)
  7 endoplasms
  20 giant cockroaches
  9 goblins
  2 hobgoblins
  3 jackals (D:3)
  3 kobolds
  9 quokkas
  5 ball pythons
  4 bats
  6 frilled lizards
  6 rats
97 creatures vanquished.

Notes
Turn   | Place    | Note
-------+----------+-------------------------------------------
     0 | D:1      | qw the Gargoyle Fighter began the quest for the Orb.
     0 | D:1      | Reached XP level 1. HP: 14/14 MP: 1/1
     0 | D:1      | 0 ||| qw: Version: 0.2-a-17-g06abaee
     0 | D:1      | 0 ||| qw: Game counter: 2365
     0 | D:1      | 0 ||| qw: Always use a shield: true
     0 | D:1      | 0 ||| qw: God list: Okawaru
     0 | D:1      | 0 ||| qw: Allow faded altars: false
     0 | D:1      | 0 ||| qw: Do Orc after D:15 true
     0 | D:1      | 0 ||| qw: Do second Lair branch before Depths: true
     0 | D:1      | 0 ||| qw: Lair rune preference: random
     0 | D:1      | 0 ||| qw: Plans: Normal, Zot:1-4, God:TSO, Crypt, Tomb,
                  | Pan, Slime:5, Hells, Abyss, Orb
     0 | D:1      | 0 ||| PLANNING D:1-11
   113 | D:1      | Reached skill level 2 in Axes
   208 | D:1      | Found a faded altar of an unknown god.
   221 | D:1      | Reached XP level 2. HP: 19/19 MP: 2/2
   441 | D:1      | 441 ||| Stepping ~*~*~tactically~*~*~ (hiding).
   442 | D:1      | 442 ||| Stepping ~*~*~tactically~*~*~ (hiding).
  1228 | D:1      | 1228 ||| UPGRADING to +6 ring of dexterity.
  1229 | D:1      | 1229 ||| UPGRADING to ring of willpower.
  1230 | D:1      | 1230 ||| READING 2 scrolls labelled ARYMYS UPNE.
  1241 | D:1      | 1241 ||| READING scroll labelled HIARAE BEYTU.
  1242 | D:1      | 1242 ||| READING scroll labelled MUOTTAS XYTI.
  1243 | D:1      | 1243 ||| READING scroll labelled VAGUAT JOE.
  1244 | D:1      | 1244 ||| DROPPING scroll of torment.
  1255 | D:2      | 1255 ||| STAIRDANCE
  1274 | D:2      | Reached skill level 3 in Axes
  1274 | D:2      | Reached XP level 3. HP: 21/23 MP: 3/3
  1286 | D:2      | 1286 ||| Stepping ~*~*~tactically~*~*~ (stealth).
  1382 | D:2      | Noticed Sigmund
  1383 | D:2      | 1383 ||| Stepping ~*~*~tactically~*~*~ (stealth).
  1390 | D:2      | Killed Sigmund
  1391 | D:2      | Reached skill level 3 in Dodging
  1391 | D:2      | Reached XP level 4. HP: 19/28 MP: 4/4
  1391 | D:2      | Reached XP level 5. HP: 22/32 MP: 5/5
  1472 | D:2      | Identified the amulet of Ycup {Reflect rPois Int+2 SH+5}
  1506 | D:2      | Noticed Jessica
  1507 | D:2      | 1507 ||| Stepping ~*~*~tactically~*~*~ (hiding).
  1509 | D:2      | 1509 ||| Stepping ~*~*~tactically~*~*~ (hiding).
  1510 | D:2      | 1510 ||| Stepping ~*~*~tactically~*~*~ (hiding).
  1511 | D:2      | 1511 ||| Stepping ~*~*~tactically~*~*~ (hiding).
  1516 | D:2      | Killed Jessica
  1517 | D:2      | Reached XP level 6. HP: 34/37 MP: 6/6
  1826 | D:2      | 1826 ||| UPGRADING to amulet of Ycup {Reflect rPois Int+2
                  | SH+5}.
  1831 | D:2      | 1831 ||| READING 2 scrolls labelled XEZ BIETIPPUKHLUM.
  1832 | D:2      | 1832 ||| READING scroll labelled IQE GIREXEUWAL.
  1833 | D:2      | 1833 ||| READING scroll labelled EDEUCOI TUCENY.
  1834 | D:2      | 1834 ||| DRINKING 2 bubbling inky potions.
  1992 | D:3      | 1992 ||| Stepping ~*~*~tactically~*~*~ (stealth).
  2124 | D:3      | 2124 ||| Stepping ~*~*~tactically~*~*~ (hiding).
  2128 | D:3      | 2128 ||| Stepping ~*~*~tactically~*~*~ (stealth).
  2129 | D:3      | 2129 ||| Stepping ~*~*~tactically~*~*~ (stealth).
  2130 | D:3      | 2130 ||| Stepping ~*~*~tactically~*~*~ (stealth).
  2148 | D:3      | 2148 ||| Stepping ~*~*~tactically~*~*~ (stealth).
  2225 | D:3      | Reached skill level 4 in Axes
  2683 | D:3      | 2683 ||| READING 2 scrolls labelled GISORI WUHU.
  2687 | D:3      | 2687 ||| READING 2 scrolls of identify.
  2687 | D:3      | 2687 ||| IDENTIFYING metallic yellow potion
  2709 | D:4      | 2709 ||| PLANNING SEWER
  2727 | D:4      | 2727 ||| Stepping ~*~*~tactically~*~*~ (stealth).
  2805 | D:4      | 2805 ||| Stepping ~*~*~tactically~*~*~ (stealth).
  2893 | D:4      | 2893 ||| Stepping ~*~*~tactically~*~*~ (stealth).
  2974 | D:4      | Found a shadowy altar of Dithmenos.
  3007 | D:4      | 3007 ||| Stepping ~*~*~tactically~*~*~ (hiding).
  3014 | D:4      | Reached skill level 5 in Axes
  3014 | D:4      | Reached XP level 7. HP: 41/41 MP: 7/7
  3029 | D:4      | 3029 ||| DROPPING +0 whip.
  3131 | D:4      | Found a glowing drain.
  3138 | D:4      | 3138 ||| READING scroll labelled VOTEF NOSOLAO.
  3139 | D:4      | 3139 ||| DRINKING 2 inky potions.
  3140 | D:4      | 3140 ||| DROPPING potion of degeneration.
  3144 | Sewer    | Entered a sewer
  3151 | Sewer    | 3151 ||| Stepping ~*~*~tactically~*~*~ (water).
  3195 | Sewer    | 3195 ||| Stepping ~*~*~tactically~*~*~ (water).
  3480 | Sewer    | 3480 ||| Stepping ~*~*~tactically~*~*~ (water).
  3620 | Sewer    | 3620 ||| DROPPING ring of flight.
  3621 | Sewer    | 3621 ||| READING scroll labelled WOETIGRASK.
  3622 | Sewer    | 3622 ||| DRINKING 3 pink potions.
  3623 | Sewer    | 3623 ||| DROPPING 2 potions of invisibility.
  3643 | D:4      | 3643 ||| PLANNING D:1-11
  3882 | D:4      | Noticed Edmund
  3897 | D:4      | HP: 7/43 [Edmund/+6 flail of protection (6)]
  3898 | D:4      | 3898 ||| READING scroll of teleportation.
  3898 | D:4      | HP: 3/43 [Edmund/+6 flail of protection (5)]
  3905 | D:4      | Frozen to death by an endoplasm

Levels and vault maps discovered:
D:1:      dpeg_arrival_water_fire, layout_basic,
          chequers_ecumenical_altar_simple, serial_corexii_hall,
          corexii_hall_statues_x, corexii_hall_statues_x,
          corexii_hall_statues_deadend, chequers_hall_statues_corner_a
D:2:      layout_basic, uniq_jessica, uniq_sigmund
D:3:      layout_basic, minmay_ruptured
D:4:      layout_basic, mainiacjoe_overflow_six_doors_small,
          gup_sewer_entry_spiral, uniq_edmund

Skill      XL: |  1  2  3  4  5  6  7 |
---------------+----------------------+-----
Axes           | 2 3 5 |  5.7
Dodging        | 3 |  3.6
Fighting       | 4 |  4.1
Armour         | |  3.2
Shields        | |  3.2

Action                   |  1- 3 |  4- 6 |  7- 9 || total
-------------------------+-------+-------+-------++-------
Melee: War axe           |    60 |   100 |   140 ||   300
Throw: Boomerang         |    12 |    39 |    16 ||    67
  Use: Scroll            |     4 |     5 |     3 ||    12
       Potion            |       |     1 |     2 ||     3
Armor: Scale mail        |    29 |    30 |    48 ||   107
Dodge: Dodged            |    26 |    52 |    70 ||   148
Block: Buckler           |    15 |    53 |    61 ||   129
       Reflection        |       |     2 |       ||     2

Table legend:
 A = Non-vault XP
 B = Vault XP
 C = Vault XP percentage of total XP
 D = Non-vault monster count
 E = Vault monster count
 F = Vault count percentage of total count
                 A         B        C        D         E       F
            +---------+---------+-------+---------+---------+-------
      Total |     456 |     479 |  51.2 |      60 |      37 |  38.1
            +---------+---------+-------+---------+---------+-------
        D:1 |      27 |       0 |   0.0 |      15 |       0 |   0.0
        D:2 |      48 |     268 |  84.8 |      15 |       2 |  11.8
        D:3 |      54 |      15 |  21.7 |      16 |       2 |  11.1
        D:4 |     327 |      26 |   7.4 |      14 |       7 |  33.3
      Sewer |       0 |     170 | 100.0 |       0 |      26 | 100.0
            +---------+---------+-------+---------+---------+-------
